 Dungeon Crawl Stone Soup version 0.22-a0-447-gee5f723 (webtiles) character file.

41371 xccam the Severer (level 14, -8/125 HPs)
             Began as a Hill Orc Fighter on June 3, 2018.
             Was an Initiate of Gozag.
             Drowned by a drowned soul (17 damage)
             ... summoned by a merfolk avatar
             ... on level 6 of the Lair of Beasts.
             The game lasted 00:38:05 (19859 turns).

xccam the Severer (Hill Orc Fighter)               Turns: 19859, Time: 00:38:06

Health: -8/125     AC: 28    Str: 22    XL:     14   Next: 15%
Magic:  14/14      EV:  6    Int:  9    God:    Gozag
Gold:   5363       SH: 13    Dex: 11    Spells: 13/13 levels left

rFire    + . .     SeeInvis +   s - +2 broad axe (flame)
rCold    + + .     Gourm    .   c - +1 shield
rNeg     . . .     Faith    .   a - +6 gold dragon scales
rPois    +         Spirit   .   A - +0 helmet
rElec    .         Reflect  .   (no cloak)
rCorr    .         Harm     .   N - +0 pair of gloves (curse)
MR       +....                  h - +0 pair of boots
Stlth    ..........             G - amulet of rage
HPRegen  0.30/turn              y - ring of protection from cold
MPRegen  0.14/turn              e - ring of see invisible

@: very slow
A: no striking features
a: Potion Petition, Call Merchant, Bribe Branch, Renounce Religion, Evoke
Berserk Rage


You were on level 6 of the Lair of Beasts.
You worshipped Gozag.
Gozag was greatly pleased with you.
You were not hungry.

You visited 2 branches of the dungeon, and saw 16 of its levels.
You also visited: Sewer and Volcano.

You collected 5363 gold pieces.

Inventory:

Hand Weapons
 s - a +2 broad axe of flaming (weapon)
Armour
 a - +6 gold dragon scales (worn)
 c - a +1 shield (worn)
 h - a +0 pair of boots (worn)
 A - a +0 helmet (worn)
 N - a cursed +0 pair of gloves (worn)
 P - the +3 hat of Pondering {ponderous, MR+ MP+10 Int+5}
   (You took it off Gastronok on level 3 of the Lair of Beasts)

   It affects your intelligence (+5).
   It affects your resistance to hostile enchantments.
   It affects your magic capacity (+10).
Jewellery
 b - an uncursed ring of fire
 e - a ring of see invisible (right hand)
 k - an uncursed ring of wizardry
 l - the ring "Wutonluz" {MR- Int+3 Dex+4}
   (You found it on level 9 of the Dungeon)

   [ring of intelligence]

   It affects your intelligence (+3).
   It affects your dexterity (+4).
   It affects your resistance to hostile enchantments.
 n - a +2 ring of strength
 p - an uncursed amulet of harm
 y - a ring of protection from cold (left hand)
 G - an amulet of rage (around neck)
 H - an uncursed ring of ice
Wands
 w - a wand of acid (2)
 z - a wand of disintegration (7)
 B - a wand of polymorph (12)
 D - a wand of clouds (7)
 I - a wand of iceblast (15)
 J - a wand of random effects (43)
Scrolls
 d - 2 scrolls of enchant weapon
 g - 13 scrolls of teleportation
 j - 2 scrolls of identify
 o - 3 scrolls of magic mapping
 r - 10 scrolls of remove curse
 v - 3 scrolls of blinking
 x - 2 scrolls of immolation
 E - 2 scrolls of fear
 R - a scroll of holy word
Potions
 i - 2 potions of brilliance
 m - 2 potions of flight
 q - 3 potions of magic
 t - 5 potions of curing
 u - 4 potions of lignification
 F - 2 potions of mutation
 O - a potion of berserk rage {unknown}
 Q - 3 potions of invisibility
Miscellaneous
 M - a phial of floods
Comestibles
 f - 14 rations


   Skills:
 - Level 11.7 Fighting
 - Level 18.0 Axes
 + Level 11.1 Armour
 + Level 8.3 Dodging
 + Level 11.1 Shields


You had 13 spell levels left.
You didn't know any spells.
Your spell library contained the following spells:

 Spells                   Type           Power        Failure   Level  Hunger
 Cause Fear               Hex            #.........   100%        4    #####..
 Apportation              Tloc           #.....       100%        1    ##.....
 Invisibility             Hex            #.......     100%        6    #######
 Mephitic Cloud           Conj/Pois/Air  #.......     100%        3    ####...
 Summon Ice Beast         Ice/Summ       #.......     100%        4    #####..
 Regeneration             Chrm/Necr      #.........   100%        3    ####...
 Tukima's Dance           Hex            #.......     100%        3    ####...
 Deflect Missiles         Chrm/Air       #.........   100%        6    #######
 Airstrike                Air            #.........   100%        4    #####..
 Call Canine Familiar     Summ           #.......     100%        3    ####...
 Summon Butterflies       Summ           #.......     100%        1    ##.....
 Silence                  Hex/Air        #.........   100%        5    ######.
 Static Discharge         Conj/Air       #.......     100%        3    ####...
 Alistair's Intoxication  Tmut/Pois      #.......     100%        5    ######.
 Summon Hydra             Summ           #.........   100%        7    #######
 Shroud of Golubria       Chrm/Tloc      #.........   100%        2    ###....
 Infusion                 Chrm           #...         100%        1    ##.....
 Song of Slaying          Chrm           #.......     100%        2    ###....
 Spectral Weapon          Hex/Chrm       #.......     100%        3    ####...
 Discord                  Hex            #.........   100%        8    #######
 Summon Lightning Spire   Summ/Air       #.......     100%        4    #####..
 Summon Mana Viper        Hex/Summ       #.......     100%        5    ######.
 Yara's Violent Unravell  Hex/Tmut       #.........   100%        5    ######.
 Lesser Beckoning         Tloc           #.........   100%        3    ####...
 Poisonous Vapours        Pois/Air       #.....       100%        2    ###....


Dungeon Overview and Level Annotations

Branches:
Dungeon (10/15)            Temple (0/1) D:7            Lair (6/6) D:9
  Swamp (0/4) Lair:4        Snake (0/4) Lair:3          Orc (0/2) D:10
  Slime: Lair:5-6

Altars:
Ashenzari
Elyvilon
Fedhas
Gozag
Ru
Wu Jian
Xom
The Shining One


Message History

The merfolk avatar is splashed with acid.
The acid corrodes the merfolk avatar!
The merfolk avatar is almost dead.
The drowned soul touches you. The drowned soul drowns you!
* * * LOW HITPOINT WARNING * * *
The merfolk avatar chants its luring song.
The drowned soul touches you. The drowned soul drowns you!
* * * LOW HITPOINT WARNING * * *
You block the water moccasin's attack.
Unknown command.
As you read the scroll of fear, it crumbles to dust.
You assume a fearsome visage.
The drowned soul is unaffected. x2
The merfolk avatar looks frightened!
The water moccasin looks frightened!
The merfolk avatar stops singing.
You are no longer entranced.
The merfolk avatar's song is interrupted.
You block the drowned soul's attack.
You feel better. The drowned soul touches you. The drowned soul drowns you!
You die...
Your body crumbles into a pile of gold.

.≈≈P≈≈≈≈≈≈≈≈≈≈≈≈≈≈≈≈≈P≈≈≈≈≈≈≈P#..
≈. ≈≈≈≈≈≈≈≈≈≈≈#≈P≈≈≈≈≈≈≈≈≈≈.##..
########.#.#########≈##.#...
#≈≈≈≈P≈≈≈≈.#8≈≈#P.#≈#.#.
#≈≈≈#≈≈P≈P≈#≈≈P≈≈≈≈≈....
#≈≈≈≈≈≈≈≈≈≈#≈≈≈#≈≈≈.....
#≈≈≈≈≈≈≈≈≈≈#≈≈≈#≈#.≈....
#≈≈≈!$!)P≈≈≈≈≈≈#≈##.....
.≈≈≈)≈≈@≈≈≈S≈≈≈≈≈≈≈≈..<.
.≈≈≈(≈W$≈≈≈≈≈.≈≈≈≈≈≈....
.≈≈≈m[?(P≈≈≈≈≈≈#≈##≈....
#≈≈≈≈≈≈P≈≈≈#$≈≈.≈##.....
#≈≈≈≈≈≈≈≈≈≈#≈≈≈#≈≈≈.....
#≈≈≈≈≈≈≈≈≈≈#≈≈≈P≈≈≈≈....
#8≈≈≈≈≈≈≈≈8#8≈≈#≈##≈....
###############.≈##.....
≈≈≈≈≈≈≈≈.....


You could see a merfolk avatar (fleeing), a water moccasin (fleeing) and a
drowned soul.

Vanquished Creatures
  Gastronok (Lair:3)
  A fire dragon (Lair:4)
  6 hydras
  2 two-headed ogres (D:8)
  A sea snake (Lair:6)
  Pikel (D:7)
  A lindwurm (Lair:4)
  6 elephants
  3 black mambas
  A gargoyle (D:10)
  10 spiny frogs
  An efreet (Volcano)
  16 rime drakes
  5 komodo dragons
  4 polar bears (Lair:6)
  2 wind drakes (Lair:6)
  A hornet (Lair:6)
  Prince Ribbit (D:5)
  2 dream sheep (D:10)
  Grinder (Sewer)
  A slime creature (D:9)
  7 blink frogs
  3 hippogriffs
  4 wyverns (Lair:6)
  8 steam dragons (Lair:4)
  25 yaks
  Sigmund (D:4)
  2 fire elementals (Volcano)
  2 basilisks
  Grum (D:10)
  2 nagas (Lair:3)
  Menkaure (D:7)
  Edmund (D:4)
  Duvessa (D:5)
  7 porcupines
  15 water moccasins
  2 ice beasts
  4 orc warriors
  2 sky beasts (D:6)
  7 black bears
  4 wolves (D:10)
  3 phantoms
  The ghost of Blackrapter the Slasher, an amateur DrWn (D:4)
  5 necrophages (Lair:3)
  6 ogres
  4 centaurs
  6 crocodiles
  5 big kobolds
  9 bullfrogs
  2 earth elementals (Volcano)
  Dowan (D:5)
  3 scorpions
  A water moccasin skeleton (D:9)
  An electric eel (D:9)
  4 crimson imps
  2 quasits
  7 jellies
  3 orc priests
  8 hounds
  A bullfrog skeleton (D:9)
  3 iguanas
  A centaur skeleton (D:8)
  16 orc wizards
  7 worker ants
  3 big kobold zombies (Sewer)
  A hound zombie (D:5)
  A howler monkey zombie (D:5)
  8 gnolls
  4 river rats (D:6)
  13 adders
  7 shadow imps
  2 ufetubi (Sewer)
  2 oozes (Lair:6)
  An adder skeleton (D:9)
  8 worms
  A dart slug (D:2)
  47 orcs
  5 ball pythons
  9 giant cockroaches
  7 goblins
  6 hobgoblins
  6 jackals
  A quokka (D:9)
  10 bats
  9 frilled lizards
  17 kobolds
  A kobold zombie (Sewer)
  2 leopard gecko skeletons
  A quokka skeleton (D:9)
  11 rats
  3 fungi
  6 plants
457 creatures vanquished.

Vanquished Creatures (collateral kills)
  Fannar (Lair:1)
  A komodo dragon (Lair:1)
2 creatures vanquished.

Vanquished Creatures (others)
  2 steam dragons (Lair:4)
  A big kobold zombie (Sewer)
  17 fungi
  16 plants (Lair:6)
36 creatures vanquished.

Grand Total: 495 creatures vanquished

Notes
Turn   | Place    | Note
-------+----------+-------------------------------------------
     0 | D:1      | xccam the Hill Orc Fighter began the quest for the Orb.
     0 | D:1      | Reached XP level 1. HP: 19/19 MP: 1/1
    23 | D:1      | Reached skill level 3 in Axes
   156 | D:1      | Reached XP level 2. HP: 22/26 MP: 2/2
   191 | D:1      | Reached skill level 4 in Axes
   317 | D:1      | Reached XP level 3. HP: 31/31 MP: 3/3
   646 | D:1      | Reached skill level 5 in Axes
   930 | D:2      | Reached XP level 4. HP: 33/39 MP: 4/4
  1067 | D:2      | Reached skill level 6 in Axes
  1246 | D:2      | Found a faded altar of an unknown god.
  1277 | D:2      | Became a worshipper of Gozag Ym Sagoz the Greedy
  1631 | D:3      | Reached XP level 5. HP: 45/45 MP: 5/5
  1705 | D:3      | Reached skill level 7 in Axes
  2275 | D:4      | Noticed Blackrapter's ghost (amateur DrWn)
  2279 | D:4      | Noticed a phantom
  2313 | D:4      | Killed Blackrapter's ghost
  2313 | D:4      | Reached skill level 8 in Axes
  2313 | D:4      | Reached XP level 6. HP: 23/51 MP: 6/6
  2316 | D:4      | Killed a phantom
  2316 | D:4      | Reached skill level 9 in Axes
  2684 | D:4      | Noticed Edmund
  2717 | D:4      | Killed Edmund
  2717 | D:4      | Reached skill level 10 in Axes
  2717 | D:4      | Reached XP level 7. HP: 18/57 MP: 7/7
  2877 | D:4      | Noticed Sigmund
  2904 | D:4      | Killed Sigmund
  3165 | D:5      | Entered Level 5 of the Dungeon
  3171 | D:5      | Found a blossoming altar of Fedhas.
  3171 | D:5      | Found a shimmering altar of Xom.
  3201 | D:5      | Noticed Prince Ribbit
  3554 | D:5      | Killed Prince Ribbit
  3554 | D:5      | Reached skill level 11 in Axes
  3554 | D:5      | Reached skill level 1 in Dodging
  3554 | D:5      | Reached XP level 8. HP: 43/67 MP: 8/8
  3827 | D:5      | Noticed Duvessa
  3829 | D:5      | Noticed Dowan
  3848 | D:5      | Killed Duvessa
  3851 | D:5      | Killed Dowan
  4305 | D:6      | Reached skill level 5 in Fighting
  4500 | D:6      | Found a glowing drain.
  4505 | Sewer    | Entered a sewer
  4639 | Sewer    | Noticed Grinder
  4688 | Sewer    | Killed Grinder
  4688 | Sewer    | Reached skill level 5 in Armour
  4688 | Sewer    | Reached skill level 5 in Shields
  4688 | Sewer    | Reached XP level 9. HP: 49/75 MP: 9/9
  4732 | Sewer    | Found a burning altar of Makhleb.
  5707 | D:7      | Reached skill level 12 in Axes
  5796 | D:7      | Noticed Menkaure
  5819 | D:7      | Killed Menkaure
  6234 | D:7      | Noticed Pikel
  6247 | D:7      | Killed Pikel
  6247 | D:7      | Reached XP level 10. HP: 71/86 MP: 10/10
  6357 | D:7      | Found a staircase to the Ecumenical Temple.
  6602 | D:7      | Found a white marble altar of Elyvilon.
  6851 | D:8      | Noticed a two-headed ogre
  6859 | D:8      | Killed a two-headed ogre
  7054 | D:8      | Found a glowing golden altar of the Shining One.
  7366 | D:8      | Found a shattered altar of Ashenzari.
  7369 | D:8      | Found a sacrificial altar of Ru.
  7372 | D:8      | Found an ornate altar of the Wu Jian Council.
  7446 | D:8      | Noticed a two-headed ogre
  7461 | D:8      | Killed a two-headed ogre
  7933 | D:9      | Reached skill level 13 in Axes
  7936 | D:9      | Reached skill level 5 in Dodging
  8175 | D:9      | Reached XP level 11. HP: 82/95 MP: 11/11
  8279 | D:9      | Found a staircase to the Lair.
  8740 | D:9      | Found a transporter.
  8778 | D:9      | Found a transporter.
  9118 | D:9      | Got a bound golden ring
  9129 | D:9      | Identified the ring "Wutonluz" {MR- Int+3 Dex+4} (You found it on level 9 of the Dungeon)
  9360 | D:10     | Entered Level 10 of the Dungeon
  9650 | D:10     | Noticed a three-headed hydra
  9656 | D:10     | Killed a one-headed hydra
  9717 | D:10     | Noticed Grum
  9746 | D:10     | Killed Grum
 10511 | D:10     | Found a staircase to the Orcish Mines.
 11321 | Lair:1   | Entered Level 1 of the Lair of Beasts
 11802 | Lair:1   | Reached skill level 14 in Axes
 11831 | Lair:1   | Noticed Fannar
 11846 | Lair:1   | Killed Fannar
 11850 | Lair:1   | Reached XP level 12. HP: 54/106 MP: 12/12
 12112 | Lair:1   | Noticed a six-headed hydra
 12135 | Lair:1   | Killed a one-headed hydra
 12135 | Lair:1   | Reached skill level 10 in Fighting
 13040 | Lair:2   | Identified Sif Muna's Reference Book on Lightness
 13748 | Lair:3   | Noticed a seven-headed hydra
 13763 | Lair:3   | Killed a one-headed hydra
 14426 | Lair:3   | Found a staircase to the Snake Pit.
 15115 | Lair:3   | Noticed Gastronok
 15146 | Lair:3   | Killed Gastronok
 15146 | Lair:3   | Reached skill level 10 in Armour
 15146 | Lair:3   | Reached skill level 10 in Shields
 15942 | Lair:3   | Reached skill level 15 in Axes
 15950 | Lair:3   | Reached XP level 13. HP: 90/115 MP: 13/13
 16188 | Lair:4   | Noticed a fire dragon
 16209 | Lair:4   | Killed a fire dragon
 16283 | Lair:4   | Found a dark tunnel.
 16473 | Volcano  | Entered a volcano
 16889 | Volcano  | Noticed a stone giant
 17518 | Lair:4   | Found a staircase to the Swamp.
 17980 | Lair:5   | Reached skill level 16 in Axes
 18721 | Lair:6   | Entered Level 6 of the Lair of Beasts
 18848 | Lair:6   | Reached skill level 17 in Axes
 19264 | Lair:6   | Reached skill level 18 in Axes
 19264 | Lair:6   | Reached XP level 14. HP: 83/125 MP: 14/14
 19828 | Lair:6   | Found the +7 Spriggan's Knife {MR+ EV+4 Dex+4 Stlth+}
 19857 | Lair:6   | HP: 1/125 [drowned by a drowned soul[a merfolk avatar] (14)]
 19859 | Lair:6   | Drowned by a drowned soul

Vault maps used:
D:1:      noname_arrival_rooms_in_the_neighbourhood
D:2:      chequers_ecumenical_altar_island
D:4:      uniq_sigmund, uniq_edmund
D:5:      brannock_xom_greatest_gift, first_ration, fedhas_altar_2,
          uniq_prince_ribbit1, uniq_duvessa
D:6:      lightli_sewer_entry_pipes, minmay_misc_feat_ornament
D:7:      black_bear_nest_1, lemuel_doored_altar, lemuel_temple_firewalk_a,
          uniq_menkaure, uniq_pikel
D:8:      lemuel_crystal_altar, grunt_temple_overflow_diamond
D:9:      gammafunk_the_bubble, lair_entry_dummy, serial_bayou,
          serial_bayou_pond_a, serial_bayou_shore_b, serial_bayou_pond_c,
          serial_bayou_lagoon_a
D:10:     hiddenorc2_lemuel, hangedman_ranch, uniq_grum
Lair:1:   uniq_fannar
Lair:3:   guppyfry_snake_entry_island, roderic_carrion_pond, uniq_gastronok
Lair:4:   swamp_mist_pool, nicolae_volcano_entry_vermiform,
          bobbens_dragon_lair_wall
Lair:6:   gammafunk_lair_ancient_temple, nicolae_slime_entry_slimehenge,
          wad_woods_road_02, minmay_lair_drake_nest, uniq_josephine
Sewer:    kennysheep_sewer_church
Volcano:  volcano_pools

Skill      XL: |  1  2  3  4  5  6  7  8  9 10 11 12 13 14 |
---------------+-------------------------------------------+-----
Axes           | 3 4 5 6 8 10 11 12 13 14 15 18 | 18.0
Fighting       | 4 5 7 8 9 11 | 11.7
Dodging        | 1 2 4 5 6 7 8 |  8.3
Armour         | 5 6 7 9 10 11 | 11.1
Shields        | 5 6 7 9 10 11 | 11.1

Action                   |  1- 3 |  4- 6 |  7- 9 | 10-12 | 13-15 || total
-------------------------+-------+-------+-------+-------+-------++-------
Melee: War axe           |   134 |   182 |   413 |   916 |   158 ||  1803
       Hand axe          |       |       |       |    28 |       ||    28
       Broad axe         |       |       |       |       |   336 ||   336
Evoke: Wand              |       |       |       |     5 |     6 ||    11
       Phial of floods   |       |       |       |     1 |     1 ||     2
  Use: Scroll            |     5 |     2 |    10 |     6 |    11 ||    34
       Potion            |       |     5 |     3 |     5 |     7 ||    20
 Stab: Distracted        |       |       |     5 |     1 |     3 ||     9
  Eat: Chunk             |       |     2 |       |       |       ||     2
       Ration            |       |     1 |     4 |     9 |     4 ||    18
Armor: Scale mail        |    78 |    70 |    93 |       |       ||   241
       Plate armour      |       |       |    12 |   297 |    77 ||   386
       Gold dragon scale |       |       |       |       |   131 ||   131
Dodge: Dodged            |    66 |    36 |    82 |   198 |    95 ||   477
Block: Shield            |    85 |    83 |   168 |   467 |   243 ||  1046

Table legend:
 A = Spawn XP
 B = Non-spawn XP
 C = Spawn XP percentage of total XP
 D = Spawn monster count
 E = Non-spawn monster count
 F = Spawn count percentage of total count
 G = Total turns spent on level
                    A         B        C        D         E        F      G
               +---------+---------+-------+---------+---------+-------+---------
         Total |       0 |   59102 |   0.0 |       0 |     452 |   0.0 | 19859
               +---------+---------+-------+---------+---------+-------+---------
           D:1 |       0 |      53 |   0.0 |       0 |      35 |   0.0 |   857
           D:2 |       0 |      70 |   0.0 |       0 |      10 |   0.0 |   708
           D:3 |       0 |     168 |   0.0 |       0 |      29 |   0.0 |   678
           D:4 |       0 |     688 |   0.0 |       0 |      14 |   0.0 |   922
           D:5 |       0 |     781 |   0.0 |       0 |      15 |   0.0 |  1103
           D:6 |       0 |     885 |   0.0 |       0 |      32 |   0.0 |   628
           D:7 |       0 |    1984 |   0.0 |       0 |      24 |   0.0 |  1240
           D:8 |       0 |    2521 |   0.0 |       0 |      20 |   0.0 |  1026
           D:9 |       0 |    3354 |   0.0 |       0 |      33 |   0.0 |  1902
          D:10 |       0 |    4372 |   0.0 |       0 |      58 |   0.0 |  1700
        Lair:1 |       0 |    6325 |   0.0 |       0 |      28 |   0.0 |  1499
        Lair:2 |       0 |     692 |   0.0 |       0 |       4 |   0.0 |   975
        Lair:3 |       0 |    9574 |   0.0 |       0 |      32 |   0.0 |  2106
        Lair:4 |       0 |    9982 |   0.0 |       0 |      34 |   0.0 |  1444
        Lair:5 |       0 |    2570 |   0.0 |       0 |       8 |   0.0 |   780
        Lair:6 |       0 |   13479 |   0.0 |       0 |      42 |   0.0 |  1138
         Sewer |       0 |     664 |   0.0 |       0 |      29 |   0.0 |   729
       Volcano |       0 |     940 |   0.0 |       0 |       5 |   0.0 |   424
               +---------+---------+-------+---------+---------+-------+---------
